Map: Cosmic Sapphire

Players

Astrea

  • Race: Protoss Protoss
  • Spawn Location: 5:00

MaNa - Winner!

  • Race: Protoss Protoss
  • Spawn Location: 11:00

Event: DreamHack SC2 Masters 2022 Atlanta (Offline)

VOD

Have the link to the VOD?

Description

Time

  • Played on: Nov. 18, 2022, 5:45 p.m.
  • Length: 17:19

All games in this series

Show
View Real Time Build Order
Export as new Build Order

Astrea Protoss 

Build Orders:  

Get SALT Encoding   

  12  0:00  Probe  
  13  0:12  Probe  
  14  0:17  Pylon  
  14  0:24  Probe (Chrono Boost)  
  15  0:36  Probe (Chrono Boost)  
  15  0:38  Gateway  
  16  0:44  Probe (Chrono Boost)  
  16  0:46  Assimilator  
  17  0:51  Probe  
  18  1:03  Probe  
  19  1:15  Probe (Chrono Boost), Pylon  
  19  1:17  Assimilator  
  20  1:24  Probe (Chrono Boost)  
  21  1:28  Cybernetics Core  
  21  1:29  Probe (Chrono Boost)  
  22  1:33  Zealot  
  24  1:41  Probe  
  25  1:53  Probe  
  26  2:05  Probe  
  26  2:06  Warp Gate  
  26  2:07  Sentry  
  29  2:19  Probe  
  29  2:21  Pylon  
  30  2:31  Probe  
  30  2:36  Nexus  
  31  2:39  Stalker  
  33  2:44  Robotics Facility  
  33  2:48  Probe  
  34  2:56  Shield Battery  
  34  3:00  Probe  
  35  3:12  Probe  
  36  3:24  Probe  
  35  3:32  Observer (Chrono Boost)  
  35  3:33  Forge  
  36  3:36  Twilight Council, Probe (Chrono Boost)  
  37  3:45  Immortal (Chrono Boost)  
  37  3:48  Probe (Chrono Boost)  
  42  3:49  Probe (Chrono Boost)  
  43  3:57  Probe x2 (Chrono Boost)  
  43  4:02  Probe (Chrono Boost), Gateway  
  45  4:13  Probe  
  45  4:14  Pylon  
  45  4:16  Probe  
  47  4:25  Probe  
  47  4:28  Protoss Ground Weapons Level 1 (Chrono Boost)  
  47  4:29  Probe  
  47  4:31  Stalker  
  49  4:32  Blink  
  49  4:37  Probe  
  48  4:42  Probe  
  45  4:49  Probe  
  45  4:54  Probe, Stalker  
  45  4:57  Stalker  
  46  5:01  Probe  
  48  5:09  Gateway  
  48  5:12  Gateway  
  48  5:13  Immortal (Chrono Boost)  
  47  5:20  Stalker  
  51  5:25  Stalker  
  52  5:37  Probe  
  52  5:38  Probe  
  51  5:44  Pylon  
  51  5:46  Cybernetics Core  
  51  5:49  Probe  
  52  5:50  Probe, Pylon  
  53  5:59  Observer  
  53  6:01  Probe  
  54  6:06  Zealot x2  
  57  6:15  Probe x2  
  58  6:19  Observer  
  58  6:23  Observer  
  58  6:24  Stalker, Pylon  
  61  6:30  Stalker x3  
  63  6:35  Probe x2  
  63  6:39  Assimilator  
  61  6:54  Stalker x2  
  61  6:57  Stalker  
  65  7:07  Probe x2  
  65  7:10  Nexus  
  65  7:14  Stalker  
  67  7:17  Protoss Ground Weapons Level 2 (Chrono Boost)  
  67  7:19  Probe x2  
  69  7:27  Pylon  
  69  7:31  Probe  
  69  7:32  Probe  
  69  7:35  Stalker  
  73  7:43  Probe  
  73  7:44  Probe  
  75  7:49  Pylon  
  75  7:50  Stalker x2  
  79  7:52  Pylon  
  79  7:53  Shield Battery x2  
  79  7:55  Probe  
  79  7:56  Probe  
  81  7:58  Stalker  
  83  8:07  Probe  
  83  8:10  Probe, Stalker  
  87  8:17  Stalker x2  
  87  8:18  Pylon  
  92  8:22  Photon Cannon  
  92  8:26  Shield Battery, Observer  
  91  8:28  Pylon  
  91  8:29  Probe  
  92  8:34  Photon Cannon  
  92  8:35  Probe  
  92  8:36  Probe  
  92  8:38  Observer  
  92  8:39  Observer  
  94  8:42  Probe  
  94  8:46  Stalker x2  
  94  8:47  Observer, Probe  
  100  8:49  Stalker  
  100  8:51  Probe  
  103  8:56  Stalker  
  103  8:57  Observer, Pylon  
  107  9:06  Nexus  
  105  9:13  Assimilator x2  
  105  9:14  Stalker  
  107  9:20  Observer  
  107  9:22  Protoss Ground Weapons Level 3 (Chrono Boost)  
  107  9:26  Observer  
  107  9:28  Stalker x3  
  112  9:43  Stalker  
  114  9:48  Gateway  
  114  9:50  Gateway  
  114  9:53  Gateway  
  114  9:56  Observer (Chrono Boost)  
  114  9:59  Robotics Bay, Probe  
  117  10:00  Probe  
  117  10:01  Probe  
  118  10:13  Stalker x3  
  123  10:14  Immortal (Chrono Boost)  
  126  10:21  Stalker  
  126  10:24  Probe x2  
  127  10:32  Probe x2  
  127  10:42  Stalker x3  
  133  10:44  Disruptor (Chrono Boost), Stalker  
  138  10:50  Gateway  
  138  10:52  Stalker x3  
  138  10:55  Probe  
  121  11:07  Stalker x4  
  129  11:12  Pylon  
  129  11:17  Nexus  
  129  11:18  Probe x4  
  131  11:21  Stalker x3  
  131  11:23  Photon Cannon  
  139  11:26  Pylon  
  126  11:46  Disruptor (Chrono Boost)  
  116  11:55  Stalker x6  
  116  11:56  Probe  
  116  11:57  Probe x2  
  131  12:10  Probe x3  
  131  12:14  Pylon  
  135  12:17  Observer  
  135  12:20  Charge (Chrono Boost)  
  135  12:21  Zealot x4  
  141  12:23  Pylon  
  141  12:24  Pylon  
  141  12:30  Probe x2  
  141  12:31  Shield Battery  
  141  12:32  Shield Battery  
  141  12:34  Photon Cannon  
  141  12:36  Zealot x4  
  137  12:47  Stalker x4  
  133  12:56  Probe x2  
  125  12:59  Stalker  
  125  13:00  Stalker  
  119  13:05  Stalker  
  119  13:10  Stalker  
  119  13:11  Stalker  
  122  13:17  Stalker x2  
  123  13:23  Zealot x2  
  127  13:27  Stalker  
  127  13:39  Stalker  
  127  13:41  Observer  
  115  13:44  Observer, Stalker x2  
  115  13:48  Photon Cannon  
  114  14:01  Observer  
  114  14:03  Pylon  
  114  14:04  Robotics Facility  
  114  14:06  Nexus  
  114  14:09  Stalker x4  
  122  14:20  Shield Battery, Probe x3  
  122  14:21  Pylon  
  125  14:28  Stalker  
  125  14:30  Robotics Facility  
  127  14:32  Probe  
  127  14:33  Stalker x2  
  122  14:48  Stalker x4  
  122  14:51  Disruptor (Chrono Boost)  
  122  15:00  Stalker x2  
  122  15:01  Stalker  
  107  15:13  Nexus  
  99  15:26  Stalker x2  
  99  15:27  Stalker  
  103  15:42  Probe x2  
  105  15:47  Assimilator  
  105  15:50  Probe, Pylon  
  105  15:53  Assimilator  
  105  15:54  Probe x2  
  105  15:55  Assimilator  
  108  15:58  Observer  
  108  15:59  Disruptor (Chrono Boost)  
  111  16:09  Shield Battery  
  111  16:10  Shield Battery  
  111  16:12  Photon Cannon  
  111  16:21  Zealot x2, Stalker x3  
  121  16:31  Zealot x2  
  120  16:37  Disruptor (Chrono Boost)  
  90  16:55  Stalker  
  90  16:57  Zealot x4  
  88  17:08  Zealot  
  88  17:12  Assimilator  
Show
View Real Time Build Order
Export as new Build Order

MaNa Protoss - Winner!

Build Orders:  

Get SALT Encoding   

  12  0:00  Probe  
  13  0:12  Probe  
  14  0:17  Pylon  
  14  0:24  Probe (Chrono Boost)  
  15  0:36  Gateway, Probe (Chrono Boost)  
  16  0:44  Probe (Chrono Boost)  
  16  0:46  Assimilator  
  17  0:50  Probe  
  17  0:54  Assimilator  
  18  1:03  Probe (Chrono Boost)  
  20  1:12  Gateway, Probe (Chrono Boost)  
  20  1:17  Probe (Chrono Boost)  
  20  1:24  Cybernetics Core  
  21  1:29  Probe  
  22  1:36  Pylon  
  22  1:41  Probe  
  23  1:52  Pylon  
  23  1:55  Probe  
  23  2:00  Warp Gate  
  24  2:07  Probe, Stalker  
  27  2:11  Stalker  
  29  2:17  Pylon  
  29  2:20  Probe  
  30  2:28  Pylon  
  30  2:35  Probe  
  31  2:51  Nexus  
  31  2:53  Probe (Chrono Boost)  
  32  3:02  Probe (Chrono Boost)  
  32  3:04  Pylon  
  33  3:07  Probe (Chrono Boost)  
  33  3:11  Shield Battery  
  34  3:19  Probe  
  35  3:31  Twilight Council, Probe (Chrono Boost)  
  37  3:42  Probe (Chrono Boost)  
  37  3:46  Probe (Chrono Boost)  
  37  3:48  Stalker x2  
  42  3:52  Gateway  
  42  3:58  Probe  
  43  4:04  Probe  
  44  4:12  Adept x2  
  44  4:13  Probe  
  44  4:15  Blink (Chrono Boost)  
  50  4:19  Probe  
  50  4:25  Probe  
  50  4:31  Probe  
  50  4:33  Stalker x2  
  50  4:37  Probe  
  55  4:43  Probe  
  50  4:57  Stalker x3  
  50  4:58  Probe  
  50  4:59  Probe  
  58  5:04  Gateway  
  58  5:05  Robotics Facility  
  58  5:09  Gateway  
  58  5:24  Stalker x2  
  62  5:37  Pylon x2  
  62  5:38  Probe  
  59  5:43  Nexus  
  59  5:48  Adept x2  
  61  5:52  Pylon  
  61  5:54  Probe  
  62  6:10  Stalker x5  
  68  6:16  Probe x2  
  64  6:19  Observer  
  64  6:23  Forge  
  65  6:28  Probe  
  66  6:33  Stalker x4  
  66  6:37  Stalker  
  66  6:39  Probe  
  77  6:41  Probe  
  77  6:42  Observer  
  77  6:51  Probe  
  77  6:53  Probe  
  73  6:58  Stalker x2  
  73  7:00  Assimilator  
  75  7:06  Probe  
  75  7:07  Zealot, Probe  
  79  7:12  Protoss Ground Weapons Level 1 (Chrono Boost)  
  78  7:16  Gateway  
  78  7:17  Shield Battery  
  78  7:19  Gateway  
  77  7:28  Shield Battery, Observer, Probe  
  77  7:29  Probe  
  79  7:30  Stalker  
  79  7:31  Stalker  
  79  7:35  Pylon  
  83  7:37  Stalker  
  83  7:42  Probe x2  
  86  7:49  Pylon  
  86  7:54  Stalker x2  
  86  7:58  Gateway  
  90  7:59  Gateway  
  90  8:01  Pylon  
  90  8:03  Photon Cannon  
  90  8:04  Observer  
  91  8:08  Charge  
  90  8:14  Photon Cannon, Stalker x2  
  90  8:15  Assimilator  
  94  8:21  Photon Cannon  
  94  8:29  Shield Battery, Stalker  
  94  8:30  Zealot  
  94  8:31  Zealot  
  94  8:32  Probe  
  101  8:39  Zealot  
  101  8:41  Warp Prism  
  103  8:43  Protoss Ground Weapons Level 2 (Chrono Boost)  
  105  8:51  Pylon  
  105  8:58  Nexus  
  105  9:03  Gateway  
  105  9:11  Stalker x3  
  105  9:14  Adept x2  
  115  9:19  Stalker  
  115  9:22  Probe x2, Assimilator  
  119  9:25  Probe  
  120  9:39  Stalker x2  
  120  9:41  Observer  
  120  9:42  Pylon  
  120  9:44  Pylon  
  120  9:45  Photon Cannon  
  124  9:47  Pylon  
  124  9:58  Probe  
  125  10:00  Probe x2  
  125  10:03  Forge  
  125  10:04  Stalker x5  
  125  10:07  Stalker  
  133  10:21  Warp Prism (Chrono Boost)  
  133  10:23  Probe  
  134  10:33  Stalker  
  134  10:34  Stalker x6  
  143  10:36  Protoss Ground Armor Level 1 (Chrono Boost)  
  143  10:40  Probe  
  143  10:41  Probe x3  
  147  10:50  Assimilator  
  147  10:52  Observer (Chrono Boost)  
  147  10:53  Probe x3  
  123  11:04  Protoss Ground Weapons Level 3 (Chrono Boost)  
  123  11:08  Zealot x9  
  141  11:29  Zealot x8  
  135  11:52  Stalker x9  
  145  11:56  Probe x2  
  147  12:12  Pylon  
  147  12:14  Pylon x2  
  147  12:16  Zealot, Stalker x5  
  147  12:17  Zealot x2  
  163  12:26  Pylon  
  163  12:28  Pylon  
  161  12:40  Zealot x8  
  153  13:00  Zealot x4  
  153  13:01  Zealot x5  
  145  13:22  Stalker x7  
  147  13:39  Warp Prism (Chrono Boost)  
  137  13:53  Stalker  
  137  13:54  Stalker x8  
  153  14:08  Nexus  
  153  14:11  Observer (Chrono Boost)  
  153  14:16  Pylon  
  154  14:34  Stalker x8  
  154  14:37  Stalker  
  158  14:58  Zealot x8  
  150  15:00  Stalker x8  
  152  15:12  Warp Prism  
  150  15:18  Observer  
  134  15:31  Observer  
  134  15:35  Stalker x9  
  130  15:48  Warp Prism  
  132  16:04  Stalker x9  
  150  16:24  Observer  
  151  16:28  Zealot x9  
  158  16:48  Observer  
  158  16:49  Stalker x9  
  169  17:12  Zealot x4, Stalker x5  
Tags
 
Add a new tag
Caveats
  • Supply blocks, unpowered buildings, or Contaminate may cause inaccurate times.
  • Supply counts are checked every 10 seconds.